 Dungeon Crawl Stone Soup version 0.27-a0-343-gfcad680f63 (webtiles) character file.

Game seed: 8637791531546401475

34 sahdkjhfkaj the Conjurer (level 3, 0/20 HPs)
             Began as a Kobold Conjurer on Feb 15, 2021.
             Slain by a gnoll (8 damage)
             ... on level 2 of the Dungeon.
             The game lasted 00:02:08 (1120 turns).

sahdkjhfkaj the Conjurer (Kobold Conjurer)          Turns: 1120, Time: 00:02:09

Health: 0/20       AC:  2    Str:  4    XL:     3   Next: 50%
Magic:  1/6        EV:  8    Int: 20    God:
Gold:   113        SH:  0    Dex: 13    Spells: 3/6 levels left

rFire    . . .     SeeInvis .   (weapon restricted)
rCold    . . .     Faith    .   (shield restricted)
rNeg     . . .     Spirit   .   a - +0 robe
rPois    .         Reflect  .   (no helmet)
rElec    .         Harm     .   (no cloak)
rCorr    .         Rampage  .   (no gloves)
Will     .....                  (no boots)
Stlth    +++.......             (no amulet)
HPRegen  0.06/turn              (no ring)
MPRegen  0.10/turn              (no ring)

@: held
A: small, nightstalker 3
a: no special abilities


You were on level 2 of the Dungeon.
You visited 1 branch of the dungeon, and saw 2 of its levels.

You collected 113 gold pieces.

Inventory:

Armour
 a - a +0 robe (worn)
 f - a +0 cloak
Scrolls
 c - a scroll of noise {unknown}
 d - 2 scrolls of identify {unknown}
Potions
 b - a potion of haste {unknown}
 e - a potion of might {unknown}
 g - a potion of resistance {unknown}
 h - a potion of degeneration {unknown}


   Skills:
 + Level 0.8 Fighting
 - Level 2.4 Dodging
 - Level 2.6 Stealth
 - Level 2.1 Spellcasting
 - Level 5.0 Conjurations


You had 3 spell levels left.
You knew the following spells:

 Your Spells              Type           Power        Failure   Level
a - Magic Dart            Conj           88%          1%          1
b - Searing Ray           Conj           44%          3%          2

Your spell library contained the following spells:

 Spells                   Type           Power        Failure   Level
 Dazzling Flash           Conj/Hex       24%          17%         3
 Fulminant Prism          Conj/Hex       6%           50%         4
 Iskenderun's Mystic Bla  Conj/Tloc      12%          50%         4


Dungeon Overview and Level Annotations

Branches:
Dungeon (2/15)

Altars:


Innate Abilities, Weirdness & Mutations

You are small and have problems with some larger weapons.
You are completely attuned to the shadows.


Message History

h - a viscous brown potion You now have 113 gold pieces (gained 6).
You see here a hobgoblin corpse.
Found 12 bolts.
There is an escape hatch in the floor here.
There is an escape hatch in the floor here.
You see here a barding.
Done exploring.
Done exploring.
Done exploring.
Done exploring.
(D) Dungeon
Where to? (? - help)
There is a stone staircase leading down here.
You climb downwards.
A kobold comes into view.
There is a stone staircase leading up here.
Okay, then.
Casting: Magic Dart (safe; 1% risk of failure)
Confirm with . or Enter, or press ? or * to list all spells.
Aiming: Searing Ray (safe; 3% risk of failure)
Press: ? - help, Shift-Dir - straight line, f - kobold
Aim: a kobold (asleep, 0% to evade)
The searing ray hits the kobold!
You kill the kobold! (Press . to maintain the ray.)
You hear a shout!
A gnoll comes into view.
A gnoll comes into view. It is wielding a +0 halberd.
The searing ray hits the gnoll.
The gnoll is heavily wounded.
A gnoll comes into view. It is wielding a +0 flail.
The searing ray hits the gnoll!
The gnoll is severely wounded.
The gnoll shouts!
Unknown command.
Unknown command.
The searing ray hits the gnoll!
You kill the gnoll!
You finish channeling your searing ray.
Training target 5.0 for Conjurations reached!
Your Conjurations skill increases to level 5!
You need to enable at least one skill for training.
Unknown command.
The gnoll throws a throwing net.
The throwing net hits you.
You become entangled in the net!
You tear a large gash into the net.
The gnoll hits you!
You struggle against the net.
The gnoll hits you.
You struggle against the net.
The gnoll closely misses you. The gnoll hits you!
You die...

.........
.........
)........
.†..g....
...g@....
#########


You could see 2 gnolls.

Vanquished Creatures
  A gnoll (D:2)
  2 oozes (D:1)
  2 bats (D:1)
  A giant cockroach (D:1)
  A goblin (D:1)
  2 hobgoblins (D:1)
  2 frilled lizards (D:1)
  5 kobolds
  2 rats (D:1)
18 creatures vanquished.

Notes
Turn   | Place    | Note
-------+----------+-------------------------------------------
     0 | D:1      | sahdkjhfkaj the Kobold Conjurer began the quest for the
                  | Orb.
     0 | D:1      | Reached XP level 1. HP: 10/10 MP: 3/3
   145 | D:1      | Reached XP level 2. HP: 15/15 MP: 0/5
   148 | D:1      | Learned a level 2 spell: Searing Ray
   604 | D:1      | Reached XP level 3. HP: 19/19 MP: 1/6
  1117 | D:2      | Reached skill level 5 in Conjurations
  1120 | D:2      | Slain by a gnoll

Illustrated notes

Levels and vault maps discovered:
D:1:      lemuel_arrival_cross, layout_loops_cross, minmay_pentomino_o4
D:2:      layout_basic, lemuel_coloured_pillars_altar, nzn_wu_jian_council_hall,
          minitemple, dk_noncrumbling_2, uniq_jessica, uniq_terence

Skill      XL: |  1  2  3 |
---------------+----------+-----
Conjurations   | 5 |  5.0
Fighting       | |  0.8
Dodging        | |  2.4
Stealth        | |  2.6
Spellcasting   | |  2.1

Action                   || total
-------------------------++-------
Melee: Unarmed           ||     4
 Cast: Magic Dart        ||    21
       Searing Ray       ||     2
Armor: Robe              ||     1
Dodge: Dodged            ||     7

Table legend: (Time is in decaauts)
 A = Elapsed time spent in this place.
 B = Non-inter-level travel time spent in this place.
 C = Inter-level travel time spent in this place.
 D = Time resting spent in this place.
 E = Time spent auto-exploring this place.
 F = Levels seen in this place.
 G = Mean time per level.
                   A        B        C        D        E       F      G
               +--------+--------+--------+--------+--------+-----+--------+
         Total |   1119 |   1075 |     44 |     45 |    952 |   2 |  559.5 |
       Dungeon |   1119 |   1075 |     44 |     45 |    952 |   2 |  559.5 |
               +--------+--------+--------+--------+--------+-----+--------+

Top non-repeatable levels by time:
     D:1: 1112 daAuts
     D:2: 7 daAuts
